 Dungeon Crawl Stone Soup version 0.23.2 (webtiles) character file.

Game seed: 13708357490924859823

6183 BorisKarlOrff the Martial Artist (level 10, -1/70 HPs)
             Began as a Merfolk Transmuter on Apr 13, 2019.
             Was a Believer of Wu Jian.
             Slain by a yak (14 damage)
             ... on level 9 of the Dungeon.
             The game lasted 00:32:38 (9486 turns).

BorisKarlOrff the Martial Artist (MfTm)             Turns: 9486, Time: 00:32:39

Health: -1/70      AC:  3    Str: 12    XL:     10   Next: 91%
Magic:  19/21      EV: 19    Int: 15    God:    Wu Jian [**....]
Gold:   437        SH:  0    Dex: 14    Spells: 11/23 levels left

rFire    . . .     SeeInvis .     - Unarmed
rCold    . . .     Gourm    .   (shield currently unavailable)
rNeg     . . .     Faith    .   b - +1 robe
rPois    .         Spirit   .   (no helmet)
rElec    .         Reflect  .   (no cloak)
rCorr    .         Harm     .   (gloves currently unavailable)
MR       .....                  (no boots)
Stlth    +++.......             (no amulet)
HPRegen  0.21/turn              f - +2 ring of evasion
MPRegen  0.17/turn              v - ring of flight

@: blade hands (expiring), berserk cooldown, slowed, very slow
A: change form in water, swift swim, stealthy swim
a: End Transformation, Wall Jump, Renounce Religion, Evoke Flight


You were on level 9 of the Dungeon.
You worshipped Wu Jian.
Wu Jian was pleased with you.
You were not hungry.
You had blades for hands.
You visited 2 branches of the dungeon, and saw 10 of its levels.

You collected 515 gold pieces.
You spent 78 gold pieces at shops.

Inventory:

Missiles
 a - 135 arrows
Armour
 b - a +1 robe (worn)
 i - a +2 pair of gloves of archery (melded)
Magical Staves
 r - an uncursed staff of conjuration
Jewellery
 f - a +2 ring of evasion (left scythe-like blade)
 v - a ring of flight (right scythe-like blade)
Wands
 c - a wand of digging (5)
 t - a wand of flame (13)
Scrolls
 e - 6 scrolls of remove curse
 n - 2 scrolls of fog
Potions
 h - 2 potions of mutation
 j - a potion of invisibility
 l - a potion of magic {unknown}
 m - a potion of ambrosia {unknown}
 o - 2 potions of lignification
 p - a potion of cancellation {unknown}
 q - 2 potions of might
Comestibles
 d - a ration


   Skills:
 + Level 3.0 Fighting
 + Level 7.9 Dodging
 + Level 5.0 Stealth
 + Level 10.9 Unarmed Combat
 + Level 7.3 Spellcasting
 + Level 0.9 Conjurations
 + Level 8.8 Transmutations
 + Level 2.4 Poison Magic


You had 11 spell levels left.
You knew the following spells:

 Your Spells              Type           Power        Failure   Level  Hunger
a - Beastly Appendage     Tmut           ####..       11%         1    None
b - Sticks to Snakes      Tmut           ####....     12%         2    None
c - Spider Form           Tmut/Pois      ###.......   28%         3    ##.....
d - Magic Dart            Conj           #...         43%         1    None
e - Blade Hands           Tmut           ####......   45%         5    #####..

Your spell library contained the following spells:

 Spells                   Type           Power        Failure   Level  Hunger
 Corona                   Hex            #......      52%         1    None
 Blink                    Tloc           N/A          61%         2    None
 Call Imp                 Summ           #.......     61%         2    None
 Slow                     Hex            #.......     61%         2    None
 Ice Form                 Ice/Tmut       ###.....     63%         4    ####...
 Mephitic Cloud           Conj/Pois/Air  #.......     67%         3    ##.....
 Conjure Flame            Conj/Fire      #.......     75%         3    ##.....
 Inner Flame              Hex/Fire       #.......     78%         3    ##.....
 Portal Projectile        Hex/Tloc       #.....       78%         3    ##.....
 Cause Fear               Hex            #.........   97%         4    ####...
 Leda's Liquefaction      Hex/Erth       #.........   97%         4    ####...


Dungeon Overview and Level Annotations

Branches:
Dungeon (9/15)             Temple (1/1) D:6
   Lair: D:8-11         Orc: D:9-12

Altars:
Ashenzari
Dithmenos
Kikubaaqudgha
Makhleb
Okawaru
Ru
Trog
Vehumet
Wu Jian
Xom
Yredelemnul
The Shining One

Shops:
D:8 !


Message History

* * * LOW HITPOINT WARNING * * *
You are too berserk!
You are no longer berserk.
You are exhausted.
You feel yourself slow down.
Okay, then.
You hit the yak.
The yak is almost dead.
Your transformation is almost over.
The yak gores you but does no damage.
You slice the yak!!
You kill the yak!
The Council accepts your kill.
You feel better.
Okay, then.
You feel better. The yak barely misses you. The yak gores you.
* * * LOW HITPOINT WARNING * * *
The yak completely misses you. The yak barely misses you.
You spin and attack the yak.
You barely miss the yak. The yak gores you!
You die...

#.........#.#§#§#.#
###+#####.§§§§§§..#
#.# ###§#§#.### ##.#
##§§.## #..# ##.##
#+########
##.#########..#
.........#
#.........÷..##
.........#
#.........####
.........# #.@.......#
....?....###Y........#
.........).†.Y.......#
.........###....)....#
########## ###########


You could see 2 yaks.

Vanquished Creatures
  Pikel (D:8)
  A troll (D:9)
  Prince Ribbit (D:6)
  12 yaks (D:9)
  A hungry ghost (D:9)
  Duvessa (D:6)
  4 orc warriors
  An ice beast (D:8)
  2 sky beasts
  2 black bears (D:9)
  2 phantoms
  A necrophage (D:8)
  An ogre (D:4)
  3 centaurs
  6 bullfrogs
  A gnoll sergeant (D:5)
  Dowan (D:6)
  A scorpion (D:5)
  2 killer bees (D:7)
  4 wights (D:9)
  A howler monkey (D:5)
  4 crimson imps
  A jelly (D:7)
  3 hounds
  A bullfrog skeleton (D:5)
  5 orc priests
  2 centaur skeletons
  An iguana (D:4)
  7 orc wizards
  4 worker ants
  A killer bee zombie (D:6)
  A hound zombie (D:5)
  A worker ant zombie (D:6)
  4 gnolls (D:5)
  A howler monkey skeleton (D:7)
  5 adders
  3 shadow imps
  3 oozes
  An adder zombie (D:6)
  An adder skeleton (D:9)
  5 dart slugs
  4 leopard geckos
  29 orcs
  8 bats
  5 giant cockroaches
  6 goblins
  8 hobgoblins
  11 jackals
  11 kobolds
  3 quokkas
  5 frilled lizards
  A leopard gecko zombie (D:6)
  2 quokka skeletons
  9 rats
205 creatures vanquished.

Vanquished Creatures (collateral kills)
  A scorpion (D:7)
  A worker ant (D:5)
  An adder (D:2)
  An adder zombie (D:5)
  A leopard gecko (D:7)
  An orc (D:6)
  A quokka (D:3)
  A frilled lizard (D:1)
8 creatures vanquished.

Vanquished Creatures (others)
  2 slaves (D:8)
  An orc (D:6)
3 creatures vanquished.

Grand Total: 216 creatures vanquished

Notes
Turn   | Place    | Note
-------+----------+-------------------------------------------
     0 | D:1      | BorisKarlOrff the Merfolk Transmuter began the quest for
                  | the Orb.
     0 | D:1      | Reached XP level 1. HP: 15/15 MP: 3/3
   338 | D:1      | Reached XP level 2. HP: 9/21 MP: 3/5
   342 | D:1      | Learned a level 2 spell: Sticks to Snakes
  1178 | D:2      | Reached XP level 3. HP: 22/26 MP: 4/6
  1195 | D:2      | Learned a level 3 spell: Spider Form
  1255 | D:2      | Reached skill level 4 in Unarmed Combat
  1275 | D:2      | Found a faded altar of an unknown god.
  1492 | D:2      | Reached XP level 4. HP: 32/32 MP: 5/7
  1876 | D:2      | Learned a level 1 spell: Magic Dart
  2236 | D:3      | Reached skill level 5 in Unarmed Combat
  2236 | D:3      | Reached XP level 5. HP: 35/37 MP: 1/8
  2706 | D:4      | Reached skill level 1 in Stealth
  2809 | D:4      | Noticed an ogre
  2823 | D:4      | Killed an ogre
  2823 | D:4      | Reached XP level 6. HP: 34/43 MP: 6/10
  3464 | D:5      | Entered Level 5 of the Dungeon
  3526 | D:5      | Reached XP level 7. HP: 20/48 MP: 5/11
  3833 | D:5      | Reached skill level 5 in Transmutations
  3980 | D:5      | Reached skill level 6 in Unarmed Combat
  4916 | D:5      | Reached skill level 1 in Poison Magic
  4916 | D:5      | Reached XP level 8. HP: 38/56 MP: 10/13
  5005 | D:6      | Reached skill level 5 in Dodging
  5525 | D:6      | Noticed Prince Ribbit
  5758 | D:6      | Killed Prince Ribbit
  5758 | D:6      | Reached skill level 7 in Unarmed Combat
  5761 | D:6      | Noticed Duvessa
  6172 | D:6      | Noticed Dowan
  6185 | D:6      | Killed Duvessa
  6194 | D:6      | Killed Dowan
  6253 | D:6      | Found a staircase to the Ecumenical Temple.
  6256 | Temple   | Entered the Ecumenical Temple
  6332 | Temple   | Became a worshipper of the Wu Jian Council
  6562 | D:7      | Reached XP level 9. HP: 34/62 MP: 11/16
  6569 | D:7      | Learned a level 5 spell: Blade Hands
  6805 | D:7      | Reached skill level 8 in Unarmed Combat
  6858 | D:7      | Reached skill level 5 in Spellcasting
  7410 | D:8      | Noticed Pikel
  7423 | D:8      | Killed Pikel
  7698 | D:7      | Reached skill level 9 in Unarmed Combat
  7942 | D:7      | Reached * piety under Wu Jian
  8171 | D:8      | Noticed a cyclops
  8384 | D:8      | Found Wikoatin's Distillery.
  8405 | D:8      | Bought a potion of curing for 39 gold pieces
  8405 | D:8      | Bought a potion of curing for 39 gold pieces
  8563 | D:9      | Found a bloodstained altar of Trog.
  8766 | D:9      | Reached XP level 10. HP: 68/68 MP: 12/18
  9082 | D:9      | Reached ** piety under Wu Jian
  9184 | D:9      | Found a shadowy altar of Dithmenos.
  9208 | D:9      | Reached skill level 10 in Unarmed Combat
  9473 | D:9      | Reached skill level 5 in Stealth
  9478 | D:9      | HP: 2/105 [yak (17)]
  9486 | D:9      | Slain by a yak

Skill      XL: |  1  2  3  4  5  6  7  8  9 10 |
---------------+-------------------------------+-----
Dodging        | 3 4 5 7 |  7.9
Transmutations | 3 4 5 6 7 8 |  8.8
Unarmed Combat | 4 5 6 7 9 10 | 10.9
Stealth        | 1 2 3 4 5 |  5.0
Spellcasting   | 3 4 5 7 |  7.3
Poison Magic   | 1 2 |  2.4
Fighting       | 2 3 |  3.0
Conjurations   | |  0.9

Action                   |  1- 3 |  4- 6 |  7- 9 | 10-12 || total
-------------------------+-------+-------+-------+-------++-------
Melee: Unarmed           |   100 |   173 |   374 |   111 ||   758
       Headbutt          |    11 |    20 |    31 |     1 ||    63
       Punch             |     1 |     2 |     6 |       ||     9
       Tailslap          |     1 |       |       |       ||     1
 Cast: Beastly Appendage |    16 |    21 |    27 |     3 ||    67
       Sticks to Snakes  |     2 |     7 |    18 |       ||    27
       Magic Dart        |       |    15 |       |       ||    15
       Spider Form       |       |     4 |    17 |     2 ||    23
       Blade Hands       |       |       |     3 |     4 ||     7
Invok: Lunge             |       |       |    10 |    10 ||    20
       Whirlwind         |       |       |       |     5 ||     5
  Use: Potion            |     1 |       |     4 |     3 ||     8
       Scroll            |       |    12 |     8 |     2 ||    22
 Stab: Sleeping          |       |     4 |     5 |     2 ||    11
       Distracted        |       |     1 |       |       ||     1
  Eat: Ration            |     1 |     3 |     5 |     2 ||    11
Armor: Robe              |    25 |    44 |    39 |     8 ||   116
       Skin              |       |       |     6 |       ||     6
Dodge: Dodged            |    93 |   128 |   337 |    75 ||   633
